Map: Catalyst LE

Players

Solar

  • Race: Zerg Zerg
  • League: Diamond
  • Spawn Location: 11:00

lIIllllIIlll (INnoVation) - Winner!

  • Race: Terran Terran
  • League: Master
  • Spawn Location: 5:00

Event: HomeStory Cup XVII

VOD

Have the link to the VOD?

Description

Time

  • Played on: July 1, 2018, 1:49 p.m.
  • Length: 17:57

All games in this series

Show
View Real Time Build Order
Export as new Build Order

Solar Zerg 

Build Orders: Pool First 

Get SALT Encoding   

  12  0:01  Drone  
  13  0:12  Overlord  
  13  0:17  Drone  
  14  0:31  Drone  
  14  0:33  Drone  
  16  0:42  Spawning Pool  
  15  0:45  Drone  
  15  0:49  Drone  
  17  1:09  Hatchery  
  16  1:14  Drone  
  17  1:23  Extractor  
  16  1:29  Zergling x6  
  19  1:33  Queen  
  21  1:42  Overlord  
  21  1:51  Drone  
  22  2:03  Drone  
  23  2:09  Queen  
  23  2:12  Drone  
  26  2:22  Drone, Queen  
  26  2:23  Drone  
  29  2:30  Metabolic Boost  
  29  2:33  Drone  
  29  2:36  Drone  
  30  2:42  Drone  
  30  2:43  Overlord  
  31  2:47  Drone  
  31  2:49  Drone  
  33  2:52  Drone  
  33  2:55  Drone  
  35  3:03  Drone  
  36  3:06  Drone  
  37  3:16  Drone  
  37  3:17  Hatchery  
  37  3:18  Drone  
  38  3:21  Overlord  
  38  3:25  Overlord  
  38  3:39  Drone  
  38  3:40  Drone x3  
  38  3:41  Drone  
  43  3:45  Drone x2  
  45  3:51  Drone x2  
  45  3:53  Zergling x2  
  45  3:54  Zergling x4  
  50  3:57  Evolution Chamber  
  50  4:00  Drone  
  50  4:04  Overlord  
  50  4:05  Drone  
  51  4:11  Overlord  
  51  4:18  Overlord  
  51  4:21  Queen  
  51  4:23  Drone x3  
  51  4:24  Drone x3, Zerg Ground Armor Level 1  
  59  4:30  Zergling x4  
  61  4:33  Queen  
  61  4:34  Zergling x6  
  61  4:38  Zergling x2  
  67  4:40  Zergling x4  
  69  4:49  Zergling x2  
  70  4:53  Zergling x4  
  70  4:57  Queen  
  70  4:58  Queen  
  76  5:01  Overlord, Zergling x2  
  76  5:02  Zergling x6  
  76  5:04  Overlord  
  80  5:08  Overlord  
  80  5:12  Overlord  
  80  5:18  Queen  
  80  5:19  Drone  
  80  5:20  Drone  
  79  5:22  Drone x2  
  79  5:23  Drone  
  79  5:25  Extractor  
  79  5:26  Drone  
  79  5:27  Baneling Nest  
  81  5:29  Drone x2  
  81  5:30  Drone x3  
  81  5:31  Drone  
  81  5:33  Zergling x4  
  89  5:38  Lair  
  89  5:40  Zergling x4  
  91  5:43  Overlord  
  91  5:44  Extractor  
  91  5:48  Zergling x2  
  91  5:51  Drone x3  
  91  5:52  Extractor  
  91  5:57  Drone  
  94  6:00  Zergling x2  
  94  6:03  Drone  
  94  6:04  Extractor  
  95  6:05  Zergling x2  
  95  6:08  Hatchery  
  95  6:11  Baneling x4  
  95  6:12  Baneling, Zergling x12  
  101  6:19  Overlord  
  101  6:21  Zergling x4  
  101  6:24  Overlord  
  102  6:29  Zergling x6  
  102  6:30  Zergling x2  
  106  6:34  Drone, Zerg Melee Weapons Level 1  
  106  6:38  Zergling x2  
  106  6:41  Zergling x10  
  106  6:45  Overlord  
  105  6:49  Zergling x6  
  96  6:58  Zergling x4  
  93  7:02  Drone x2  
  93  7:04  Drone  
  93  7:06  Hydralisk Den  
  96  7:08  Zergling x6  
  96  7:10  Drone  
  96  7:13  Baneling x2  
  96  7:14  Baneling  
  97  7:18  Overlord  
  97  7:20  Drone x2  
  97  7:21  Drone  
  97  7:22  Drone x2  
  101  7:23  Hatchery  
  100  7:30  Centrifical Hooks  
  100  7:32  Drone x4  
  100  7:33  Evolution Chamber  
  100  7:39  Zergling x6  
  100  7:43  Overlord  
  103  7:44  Zergling x12  
  103  7:48  Grooved Spines  
  109  7:51  Baneling, Hydralisk  
  109  7:52  Baneling x2, Hydralisk x3  
  109  7:54  Hydralisk  
  109  7:55  Hydralisk  
  109  7:56  Zergling x2  
  122  8:02  Zerg Ground Armor Level 2  
  122  8:04  Drone x2  
  124  8:05  Drone  
  124  8:06  Drone  
  124  8:12  Baneling x2  
  126  8:13  Hydralisk x2  
  126  8:17  Drone x3  
  126  8:18  Drone  
  134  8:20  Extractor, Pneumatized Carapace  
  134  8:22  Baneling  
  134  8:23  Baneling  
  134  8:24  Baneling x3  
  134  8:25  Zergling x4  
  135  8:28  Zergling x6  
  135  8:31  Overlord  
  136  8:35  Drone x3  
  136  8:37  Zergling x6  
  137  8:45  Hydralisk x3  
  137  8:46  Zergling x4  
  137  8:48  Zergling x4  
  143  8:52  Zergling x6  
  144  8:56  Infestation Pit  
  144  8:58  Queen  
  144  9:02  Hydralisk x2  
  145  9:06  Muscular Augments  
  145  9:07  Zerg Melee Weapons Level 2  
  145  9:09  Zergling x6  
  148  9:11  Overlord  
  148  9:13  Overlord  
  148  9:14  Overlord  
  147  9:28  Hydralisk x3  
  153  9:32  Overlord, Hatchery  
  153  9:37  Queen  
  152  9:41  Zergling x20  
  152  9:42  Overseer, Zergling x2  
  164  9:45  Zergling x6  
  164  9:51  Hive  
  166  9:54  Spire, Zergling x2  
  166  9:58  Zergling x2  
  166  9:59  Zergling x6  
  170  10:03  Baneling x5  
  170  10:09  Hydralisk  
  170  10:10  Hydralisk x4  
  170  10:13  Zergling x2  
  170  10:14  Zergling x4  
  183  10:16  Zergling x2  
  183  10:17  Spore Crawler, Zergling x4  
  183  10:21  Baneling x2  
  184  10:24  Baneling x12  
  184  10:27  Baneling x5  
  184  10:29  Zergling x6  
  184  10:32  Zergling x2  
  184  10:33  Zergling x2  
  189  10:37  Overlord  
  189  10:40  Overlord  
  186  10:42  Zergling x2  
  186  10:43  Zergling x6  
  186  10:44  Overlord  
  186  10:47  Overlord  
  186  10:48  Overlord  
  186  10:49  Overlord  
  187  10:50  Zergling x6  
  186  10:59  Zergling x14  
  186  11:00  Zergling x2  
  186  11:01  Zergling x4  
  186  11:03  Zergling x4  
  185  11:13  Viper x2  
  185  11:14  Hydralisk  
  185  11:15  Zergling x4, Hydralisk  
  185  11:16  Zergling x4  
  197  11:20  Zergling x8  
  197  11:26  Baneling x2  
  197  11:27  Zergling x4  
  196  11:42  Baneling x20  
  195  11:49  Zergling x2  
  195  11:52  Zergling x2  
  195  11:54  Zergling x26  
  177  12:01  Zergling x2  
  177  12:02  Zergling x2  
  177  12:05  Hydralisk x4  
  173  12:09  Baneling x2  
  173  12:12  Extractor, Adrenal Glands  
  172  12:20  Extractor  
  172  12:21  Zergling x32  
  187  12:27  Greater Spire  
  187  12:28  Zergling x6  
  190  12:35  Zerg Missile Weapons Level 1  
  190  12:42  Baneling x11  
  190  13:02  Extractor, Drone x3  
  190  13:03  Spore Crawler  
  190  13:05  Zerg Ground Armor Level 3, Zergling x2  
  192  13:06  Zergling x14  
  192  13:08  Baneling x2  
  192  13:09  Baneling x8  
  192  13:10  Overseer  
  198  13:21  Baneling x4  
  198  13:24  Zergling x4  
  200  13:30  Zergling x2  
  200  13:32  Zergling x10  
  183  13:44  Zergling x2  
  183  13:45  Zergling x26  
  183  13:46  Zergling x2  
  183  13:48  Zergling x2  
  168  13:49  Zergling x2  
  168  13:50  Zergling x2  
  168  13:51  Zergling x18  
  166  14:02  Corruptor x3  
  168  14:05  Corruptor  
  168  14:09  Corruptor  
  176  14:12  Corruptor  
  176  14:16  Corruptor  
  180  14:22  Corruptor  
  179  14:25  Baneling x8  
  179  14:36  Zerg Flyer Weapons Level 1  
  167  14:52  Brood Lord  
  167  14:53  Brood Lord x4  
  167  14:56  Brood Lord  
  177  15:01  Brood Lord  
  177  15:03  Brood Lord  
  181  15:08  Baneling x3, Hatchery  
  181  15:09  Baneling x7  
  181  15:11  Zergling x2  
  181  15:14  Baneling x6  
  181  15:17  Zergling x6  
  181  15:19  Zergling x2  
  181  15:20  Zergling x2  
  183  15:24  Zergling x6  
  183  15:27  Zergling x2  
  184  15:35  Zergling x4  
  175  15:37  Zergling x10  
  175  15:41  Zergling x6  
  177  15:49  Zergling x14  
  180  15:54  Zergling x2  
  180  15:55  Zergling x8  
  184  15:58  Zergling x6  
  184  16:00  Zergling x2  
  188  16:05  Baneling x8  
  188  16:09  Zergling x8  
  192  16:16  Zergling x12  
  198  16:22  Zergling x10  
  194  16:27  Zergling x10  
  194  16:32  Zergling x2  
  200  16:39  Baneling x19  
  184  16:47  Baneling x5  
  184  16:49  Zergling x8  
  183  16:57  Zergling x6  
  183  16:58  Zergling x4  
  183  17:06  Hatchery  
  183  17:08  Zergling x4  
  181  17:19  Viper x2  
  181  17:20  Zergling x8  
  191  17:23  Baneling x4  
  191  17:24  Baneling  
  191  17:27  Zergling x2  
  191  17:28  Zergling x2  
  191  17:29  Zergling x2  
Show
View Real Time Build Order
Export as new Build Order

lIIllllIIlll Terran - Winner!

Build Orders: Reaper Expand, Bio Tank 

Get SALT Encoding   

  12  0:00  SCV  
  13  0:12  SCV  
  14  0:17  Supply Depot  
  14  0:25  SCV  
  15  0:38  SCV  
  15  0:40  Barracks  
  16  0:44  Refinery  
  16  0:50  SCV  
  17  1:03  SCV  
  18  1:15  SCV  
  19  1:27  Orbital Command  
  19  1:28  Reaper  
  20  1:40  Command Center  
  20  1:50  Barracks  
  20  1:54  SCV  
  20  2:00  Barracks Reactor  
  21  2:06  SCV  
  22  2:11  Supply Depot  
  22  2:12  Refinery  
  22  2:18  SCV  
  23  2:27  Factory  
  23  2:33  SCV  
  23  2:36  Marine x2  
  26  2:38  Barracks Tech Lab  
  26  2:45  SCV  
  27  2:52  Orbital Command  
  27  2:54  Marine x2  
  27  2:57  SCV  
  30  3:02  Stimpack  
  30  3:09  SCV  
  31  3:12  Marine  
  31  3:13  Marine x2  
  34  3:22  Starport  
  34  3:23  Factory Reactor  
  34  3:27  SCV x2  
  34  3:31  Marine  
  34  3:32  Marine  
  34  3:33  Marine  
  39  3:39  Supply Depot, SCV  
  39  3:41  SCV  
  41  3:50  Marine x2  
  41  3:51  Marine  
  41  3:52  SCV  
  41  3:53  SCV  
  46  4:02  Supply Depot  
  46  4:06  Medivac x2  
  46  4:08  Marine x2  
  46  4:09  SCV, Marine  
  54  4:17  Engineering Bay  
  54  4:23  SCV  
  55  4:24  Engineering Bay, Supply Depot  
  55  4:26  SCV  
  55  4:28  Marine x2  
  55  4:29  Marine  
  59  4:41  SCV  
  59  4:42  SCV  
  61  4:46  Terran Infantry Weapons Level 1  
  61  4:47  Supply Depot  
  61  4:48  Marine x3  
  61  4:49  Terran Infantry Armor Level 1  
  64  4:54  SCV x2  
  64  4:59  Supply Depot  
  66  5:02  Combat Shield  
  66  5:05  Marine x2  
  66  5:06  Marine  
  68  5:20  SCV x2  
  66  5:23  Command Center  
  66  5:24  Marine  
  66  5:25  Marine x2  
  69  5:29  Medivac  
  69  5:30  Medivac  
  69  5:32  SCV x2  
  69  5:34  Refinery  
  69  5:35  Refinery, Factory Tech Lab  
  75  5:42  Supply Depot  
  75  5:44  Marine x3  
  75  5:46  SCV x2  
  80  5:54  Barracks  
  80  5:58  SCV x2  
  80  6:03  Armory, Marine x3  
  85  6:10  Siege Tank  
  88  6:12  SCV  
  88  6:13  SCV  
  90  6:21  Marine x3  
  93  6:29  Barracks  
  93  6:30  Barracks  
  93  6:33  SCV  
  93  6:35  SCV, Medivac x2  
  93  6:37  Orbital Command  
  97  6:42  Barracks Reactor  
  96  6:48  Marine x3  
  96  6:49  SCV x2  
  91  7:00  Terran Infantry Weapons Level 2  
  85  7:01  SCV x2  
  85  7:05  Terran Infantry Armor Level 2  
  87  7:10  Marine x3  
  87  7:12  Orbital Command  
  87  7:13  SCV x2  
  92  7:17  Barracks Reactor  
  92  7:19  Barracks Reactor  
  92  7:21  Marine x2  
  94  7:25  SCV x2  
  94  7:27  Marine  
  94  7:28  Marine x2  
  94  7:29  Siege Tank  
  102  7:32  Supply Depot  
  97  7:37  SCV  
  97  7:38  SCV  
  97  7:39  Marine x2  
  99  7:45  Marine x2  
  99  7:46  Marine  
  99  7:50  SCV x3  
  105  7:52  Refinery x2  
  105  7:55  Factory  
  105  7:56  Supply Depot, Terran Vehicle And Ship Armor Level 1  
  105  7:57  Supply Depot  
  105  8:02  SCV x3, Marine x3  
  105  8:03  Marine  
  112  8:10  Siege Tank  
  115  8:14  SCV x2  
  115  8:18  SCV  
  115  8:19  Supply Depot, Marine x5  
  121  8:21  Supply Depot  
  121  8:24  Medivac x2  
  127  8:36  Marine  
  127  8:37  Marine x2  
  127  8:40  Factory Tech Lab  
  128  8:42  Marine  
  127  8:49  Barracks  
  127  8:50  Barracks x2, Command Center  
  124  8:58  Siege Tank  
  124  9:00  Supply Depot  
  124  9:02  Siege Tank, Supply Depot  
  120  9:10  Marauder, Marine x4  
  120  9:11  Marine  
  120  9:16  Medivac  
  120  9:17  Medivac  
  129  9:23  Marine x3  
  131  9:28  Marine  
  134  9:31  Marauder  
  134  9:32  Siege Tank, Supply Depot  
  134  9:36  Marine x3  
  134  9:38  Barracks Tech Lab, Barracks Reactor  
  140  9:40  Barracks Reactor  
  140  9:46  Siege Tank  
  145  9:52  Marauder  
  145  10:00  Terran Infantry Armor Level 3, Terran Infantry Weapons Level 3, Terran Vehicle And Ship Armor Level 2  
  145  10:05  Planetary Fortress  
  145  10:11  Marauder  
  149  10:14  Marauder, Marine  
  149  10:15  Marine x3  
  149  10:20  SCV x2  
  149  10:21  Siege Tank  
  158  10:26  Siege Tank  
  161  10:29  Marine  
  161  10:31  Marine  
  161  10:32  Marauder  
  161  10:33  Marine x2  
  161  10:35  Marauder, Marine x2  
  171  10:39  Marine x4  
  174  10:45  Marine  
  174  10:46  Marine  
  174  10:49  Supply Depot  
  176  10:53  Marauder  
  176  10:55  Marine x4  
  176  10:56  SCV x2  
  176  10:57  Marauder, SCV  
  174  11:10  Siege Tank, SCV x2  
  179  11:16  Supply Depot x2, SCV  
  177  11:19  Siege Tank  
  177  11:22  Marauder, Marine  
  177  11:23  SCV x2  
  180  11:37  Supply Depot, Marine x3, Medivac x2  
  187  11:44  Marauder x2, Marine x7  
  155  12:06  Marauder x2  
  155  12:07  Marine x12, Medivac x2  
  139  12:11  Siege Tank  
  139  12:12  Siege Tank  
  145  12:24  Marine  
  145  12:25  Marine x6  
  145  12:28  Marauder x2  
  156  12:33  SCV x3  
  159  12:37  Medivac x2  
  159  12:38  Sensor Tower  
  159  12:42  Marine x3  
  159  12:43  Siege Tank, Marine  
  170  12:44  Siege Tank, Marine  
  170  12:45  Marine x2  
  170  12:49  Marauder x2  
  180  12:52  Marine x5  
  185  12:59  Marine  
  185  13:00  Marine x3  
  185  13:01  Command Center  
  185  13:02  Marine  
  185  13:03  Marine x2  
  192  13:07  Structure Armor  
  192  13:08  Hi-Sec Auto Tracking  
  192  13:10  Marine x3  
  195  13:15  Siege Tank  
  200  13:20  Marauder  
  200  13:26  Marine  
  200  13:40  Siege Tank  
  192  13:43  Marauder x2, Marine x11  
  192  13:44  Marine  
  192  13:45  Medivac x2  
  192  13:47  Siege Tank  
  178  13:52  Unknown  
  150  13:56  SCV x2  
  150  13:57  SCV  
  150  14:01  Marine x11  
  164  14:04  Marauder  
  164  14:05  Marauder  
  164  14:07  Marine  
  164  14:08  SCV  
  169  14:11  SCV x2  
  169  14:12  Siege Tank  
  169  14:14  Planetary Fortress  
  169  14:18  Marine  
  169  14:19  Siege Tank, Marine x6  
  169  14:20  SCV  
  169  14:22  Medivac  
  169  14:23  SCV x2, Medivac  
  186  14:25  Marine  
  186  14:26  Marauder x2, Marine  
  186  14:31  Marine x3  
  194  14:32  SCV  
  194  14:37  Marine x4  
  200  14:40  Marine x3  
  200  14:44  Marine x2  
  198  14:47  Marauder  
  198  14:48  Starport  
  198  14:50  Starport  
  198  14:51  Fusion Core  
  200  15:04  Refinery  
  200  15:05  Refinery  
  200  15:06  Refinery x2, Command Center  
  200  15:07  Sensor Tower  
  200  15:08  Terran Vehicle And Ship Armor Level 3  
  197  15:26  Viking x2  
  197  15:27  Starport Reactor x2  
  199  15:32  Marine x4  
  199  15:33  Marine x2  
  190  15:36  Marine x7  
  190  15:42  Marine  
  180  15:50  Marine x5  
  180  15:51  Marine  
  180  15:53  Marine  
  180  15:56  Viking x2  
  181  16:03  Marine x6  
  185  16:08  Viking x2, Medivac x2  
  185  16:10  Marine x7  
  199  16:11  Marine  
  200  16:21  Marine  
  200  16:23  Ghost Academy  
  194  16:26  Viking x2  
  194  16:29  Barracks  
  194  16:30  Barracks  
  185  16:38  Viking  
  185  16:39  Viking x3  
  193  16:41  Marauder  
  193  16:42  Marauder  
  193  16:45  Marine  
  193  16:46  Marine x2  
  192  17:02  Marine x9  
  192  17:03  Marauder  
  192  17:04  Planetary Fortress  
  199  17:17  Barracks Tech Lab  
  199  17:19  Barracks Tech Lab  
  199  17:32  Unknown x3  
Tags
 
Add a new tag
Caveats
  • Supply blocks, unpowered buildings, or Contaminate may cause inaccurate times.
  • Supply counts are checked every 10 seconds.